 Dungeon Crawl Stone Soup version 0.25.0-26-g0c896c7088 (webtiles) character file.

Game seed: 16130289080710165904

50435 Exodus22XD the Covert (level 14, -20/103 HPs)
             Began as a Demonspawn Gladiator on July 4, 2020.
             Was an Elder of Uskayaw.
             Demolished by a merfolk siren
             ... wielding a +0 trident
              (49 damage)
             ... on level 1 of the Shoals.
             The game lasted 00:54:05 (20440 turns).

Exodus22XD the Covert (Demonspawn Gladiator)       Turns: 20440, Time: 00:54:05

Health: -20/103    AC: 12    Str: 19    XL:     14   Next: 19%
Magic:  21/21      EV: 13    Int: 15    God:    Uskayaw [****..]
Gold:   1100       SH:  0    Dex: 17    Spells: 13/13 levels left

rFire    + + .     SeeInvis +   C - +1 spear (freeze)
rCold    . . .     Gourm    .   (no shield)
rNeg     . . .     Faith    .   g - +0 scale mail
rPois    .         Spirit   .   (helmet restricted)
rElec    .         Reflect  .   o - scarf {+Inv}
rCorr    .         Harm     .   (no gloves)
MR       +....                  (no boots)
Stlth    ++++......             t - amulet of regeneration
HPRegen  0.67/turn              N - ring of Deuhuh {rF++ Int+4 Dex+3 SInv}
MPRegen  0.17/turn              J - +4 ring of protection

@: sleeping, very slightly contaminated
A: antennae 2, claws 2, talons 2, demonic guardian 1, spiny 2
a: Stomp, Line Pass, Renounce Religion, Evoke Invisibility


You were on level 1 of the Shoals.
You worshipped Uskayaw.
Uskayaw was aware of your devotion.
You were not hungry.

You visited 4 branches of the dungeon, and saw 19 of its levels.

You collected 1324 gold pieces.
You spent 224 gold pieces at shops.

Inventory:

Hand Weapons
 a - a +0 trident
 C - a +1 spear of freezing (weapon)
 P - a +3 vampiric broad axe
Missiles
 d - 2 throwing nets (quivered)
Armour
 b - +0 swamp dragon scales
 g - a +0 scale mail (worn)
 i - +0 ice dragon scales
 o - a scarf of invisibility (worn)
 q - a +0 cloak
Jewellery
 t - an amulet of regeneration (around neck)
 v - an uncursed ring of stealth
 J - a +4 ring of protection (right claw)
 N - the ring of Deuhuh (left claw) {rF++ Int+4 Dex+3 SInv}
   (You found it on level 6 of the Lair of Beasts)

   [ring of see invisible]

   It affects your intelligence (+4).
   It affects your dexterity (+3).
   It greatly protects you from fire.
   It lets you see invisible.
Wands
 m - a wand of acid (7)
 r - a wand of enslavement (16)
 x - a wand of clouds (6)
 B - a wand of polymorph (20)
 E - a wand of random effects (36)
 G - a wand of flame (19)
 I - a wand of digging (3)
 L - a wand of iceblast (20)
 M - a wand of disintegration (18)
Scrolls
 c - 3 scrolls of fear
 e - 3 scrolls of fog
 k - 3 scrolls of enchant weapon
 l - 9 scrolls of magic mapping
 n - 7 scrolls of immolation
 s - 5 scrolls of enchant armour
 u - 5 scrolls of teleportation
 w - 14 scrolls of remove curse
 y - 4 scrolls of identify
 z - 4 scrolls of amnesia
 K - a scroll of blinking
Potions
 h - a potion of flight
 j - a potion of magic {unknown}
 A - 3 potions of might
 D - 5 potions of curing
 F - 2 potions of lignification
 H - a potion of mutation {unknown}
 O - a potion of cancellation {unknown}
Comestibles
 f - 37 rations
 p - 4 chunks of flesh


   Skills:
 + Level 7.3 Fighting
 + Level 9.9 Polearms
 - Level 1.7 Throwing
 + Level 8.6 Armour
 + Level 5.2 Dodging
 + Level 12.3 Stealth
 * Level 7.8 Unarmed Combat
 + Level 10.5 Invocations
 + Level 8.9 Evocations


You had 13 spell levels left.
You didn't know any spells.
Your spell library contained the following spells:

 Spells                   Type           Power        Failure   Level  Hunger
 Beastly Appendage        Tmut           #.....       56%         1    ##.....
 Foxfire                  Conj/Fire      #...         56%         1    ##.....
 Freeze                   Ice            #...         56%         1    ##.....
 Magic Dart               Conj           #...         56%         1    ##.....
 Sting                    Tmut/Pois      #...         56%         1    ##.....
 Poisonous Vapours        Pois/Air       #.....       71%         2    ###....
 Searing Ray              Conj           #.....       71%         2    ###....
 Sticks to Snakes         Tmut           #.......     71%         2    ###....
 Conjure Flame            Conj/Fire      #.......     90%         3    ####...
 Dazzling Flash           Conj/Hex       #.....       90%         3    ####...
 Frozen Ramparts          Ice            #.....       90%         3    ####...
 Ignite Poison            Fire/Tmut/Pois #.......     90%         3    ####...
 Inner Flame              Hex/Fire       #.......     90%         3    ####...
 Mephitic Cloud           Conj/Pois/Air  #.......     90%         3    ####...
 Ozocubu's Armour         Chrm/Ice       #.......     90%         3    ####...
 Spider Form              Tmut/Pois      #.........   90%         3    ####...
 Fulminant Prism          Conj/Hex       #.........   100%        4    #####..
 Hailstorm                Conj/Ice       #.......     100%        4    #####..
 Ice Form                 Ice/Tmut       #.......     100%        4    #####..
 Iskenderun's Mystic Bla  Conj/Tloc      #.......     100%        4    #####..
 Olgreb's Toxic Radiance  Pois           #.......     100%        4    #####..
 Sticky Flame             Conj/Fire      #.......     100%        4    #####..
 Summon Ice Beast         Ice/Summ       #.......     100%        4    #####..
 Blade Hands              Tmut           #.........   100%        5    ######.
 Fireball                 Conj/Fire      #.........   100%        5    ######.


Dungeon Overview and Level Annotations

Branches:
Dungeon (11/15)            Temple (1/1) D:7            Lair (6/6) D:11
 Shoals (1/4) Lair:2        Snake (0/4) Lair:3        Slime (0/5) Lair:5
    Orc (0/2) D:11

Altars:
Ashenzari
Cheibriados
Dithmenos
Elyvilon
Fedhas
Gozag
Hepliaklqana
Kikubaaqudgha
Makhleb
Nemelex Xobeh
Okawaru
Qazlal
Ru
Sif Muna
Trog
Uskayaw
Vehumet
Wu Jian
Xom
Yredelemnul
Zin
The Shining One

Shops:
D:10 (!   D:11 (

Annotations:
D:10 exclusion: orange crystal statue
Lair:2 2 transporters, nojaa's ghost, journeyman NaAr


Innate Abilities, Weirdness & Mutations

You have a pair of antennae on your head.
You have very sharp fingernails.
You have razor-sharp toenails.
A weak demonic guardian rushes to your aid.
You are mostly covered in sharp spines.


Message History

Your iron imp hits the merfolk siren.
Attack whom?
Press: ? - help, Dir - move target cursor, f/p - merfolk siren
Aim: a merfolk siren, wielding a +0 trident (moderately wounded, sharing its pain)
The plant is in the way.
The dream sheep bleats!
You puncture the plant! You freeze the plant.
The plant is lightly damaged.
Attack whom?
Press: ? - help, Dir - move target cursor, f/p - merfolk siren
Aim: a merfolk siren, wielding a +0 trident (moderately wounded, sharing its pain)
The plant is in the way.
You puncture the plant! You freeze the plant. You claw the plant.
The plant is heavily damaged.
You flicker back into view.
The snapping turtle is no longer sharing its pain.
The dream sheep shake their wool and sparkle.
You feel drowsy...
You fall asleep.
The merfolk siren hits you from afar with a +0 trident!!!
You die...

P....≈≈≈.##..P
>...≈≈≈≈.#.≈P
..≈≈≈≈≈≈≈Y≈≈
##.≈≈≈≈..≈≈≈P
#..≈≈≈...≈Y≈≈
###..≈≈≈≈t≈..≈P
#.P...≈≈)≈≈.≈P≈
#....P≈≈≈≈≈≈≈≈
######..#@≈Y≈≈≈≈≈≈
..P......P5..≈≈≈≈≈
..≈≈.>.)≈≈m#.≈≈≈≈≈
≈≈≈≈≈≈..≈≈....≈≈≈≈
≈P≈≈≈≈≈≈≈≈......≈≈
≈≈≈≈P≈≈≈≈≈≈....≈≈≈
≈≈≈≈≈≈≈≈≈≈≈≈...≈≈≈
≈≈≈≈≈≈###...###..
.≈≈≈≈.###...#


You could see a snapping turtle, a merfolk siren (pain bonded), 3 dream sheep
and a friendly iron imp (summoned).

Vanquished Creatures
  5 dire elephants (Lair:6)
  A merfolk impaler (Shoals:1)
  2 hydras
  A death knight (D:11)
  An anaconda (Lair:6)
  3 two-headed ogres
  A centaur warrior (D:11)
  2 fire crabs (Lair:6)
  An unseen horror (D:11)
  A manticore (Shoals:1)
  3 cyclopes
  2 merfolk sirens
  20 elephants
  A centaur zombie (D:11)
  10 spiny frogs
  3 rime drakes
  10 komodo dragons
  A polar bear (Lair:3)
  3 trolls
  Prince Ribbit (D:5)
  6 blink frogs
  8 hippogriffs
  2 dream sheep (Shoals:1)
  A vampire (D:11)
  Sigmund (D:2)
  A shadow (D:11)
  44 yaks
  A spriggan (D:9)
  A wyvern (D:9)
  5 basilisks
  Eustachio (D:5)
  3 fire bats (Lair:3)
  Grum (D:8)
  7 nagas (Lair:3)
  A soldier ant (D:10)
  An acid dragon (D:11)
  7 water moccasins
  Duvessa (D:7)
  13 porcupines
  2 ice beasts
  A sky beast (D:9)
  A hornet zombie (D:11)
  4 black bears
  6 orc warriors
  2 phantoms
  4 ogres
  2 centaurs (D:11)
  9 wolves
  14 crocodiles
  14 bullfrogs
  3 wights (D:7)
  7 howler monkeys
  5 crimson imps
  2 bullfrog zombies
  A quasit (D:9)
  5 orc priests
  3 hounds
  2 jellies
  Crazy Yiuf (D:6)
  2 bullfrog skeletons
  An iguana (D:9)
  10 orc wizards
  A centaur skeleton (D:7)
  A gnoll shaman (D:5)
  Jessica (D:2)
  Terence (D:2)
  15 worker ants
  2 killer bee zombies
  A worker ant zombie (D:11)
  Robin (D:2)
  11 gnolls
  7 adders
  2 shadow imps
  12 white imps (D:11)
  An adder zombie (D:8)
  3 oozes
  4 worms
  2 adder skeletons
  2 dart slugs (D:1)
  8 leopard geckos
  36 orcs
  A ball python (D:2)
  6 bats
  A bat zombie (D:4)
  9 giant cockroaches
  10 goblins
  10 hobgoblins
  7 jackals
  3 quokkas
  2 frilled lizards
  8 kobolds
  A leopard gecko skeleton (D:7)
  2 leopard gecko zombies
  2 quokka skeletons
  5 rats
  A rat zombie (D:4)
  3 butterflies (Lair:4)
  3 plants (Lair:6)
463 creatures vanquished.

Vanquished Creatures (collateral kills)
  A hydra (Lair:6)
  A sea snake (Shoals:1)
  2 blink frogs
  4 yaks
  A porcupine (D:11)
  A black bear (D:7)
  An orc warrior (D:7)
  2 ice beasts
  A wolf (D:11)
  A crocodile (Lair:6)
  Dowan (D:7)
  A wight (D:7)
  An adder (D:7)
  3 jackals (D:6)
21 creatures vanquished.

Vanquished Creatures (others)
  2 yaks (D:11)
  14 fungi
  14 plants
30 creatures vanquished.

Grand Total: 514 creatures vanquished

Notes
Turn   | Place    | Note
-------+----------+-------------------------------------------
     0 | D:1      | Exodus22XD the Demonspawn Gladiator began the quest for the
                  | Orb.
     0 | D:1      | Reached XP level 1. HP: 16/16 MP: 1/1
   335 | D:1      | Gained mutation: You are partially covered in sharp spines.
                  | [demonic ancestry]
   335 | D:1      | Reached XP level 2. HP: 22/22 MP: 2/2
   898 | D:2      | Noticed Jessica
   907 | D:2      | Killed Jessica
   907 | D:2      | Gained mutation: You have a pair of small antennae on your
                  | head. [demonic ancestry]
   907 | D:2      | Reached XP level 3. HP: 27/27 MP: 3/3
   981 | D:2      | Gained mutation: You are mostly covered in sharp spines.
                  | [demonic ancestry]
   981 | D:2      | Reached XP level 4. HP: 30/34 MP: 4/4
   989 | D:2      | Reached skill level 1 in Armour
  1266 | D:2      | Noticed a phantom
  1311 | D:2      | Killed a phantom
  1311 | D:2      | Reached skill level 1 in Stealth
  1311 | D:2      | Reached XP level 5. HP: 24/40 MP: 5/5
  1643 | D:2      | Found a glowing golden altar of the Shining One.
  1662 | D:2      | Noticed Sigmund
  1685 | D:2      | Killed Sigmund
  1685 | D:2      | Reached skill level 5 in Polearms
  1685 | D:2      | Reached skill level 1 in Evocations
  1685 | D:2      | Gained mutation: You have sharp fingernails. [demonic
                  | ancestry]
  1685 | D:2      | Reached XP level 6. HP: 29/47 MP: 6/6
  1974 | D:2      | Noticed Robin
  1986 | D:2      | Killed Robin
  2250 | D:2      | Noticed Terence
  2261 | D:2      | Killed Terence
  2600 | D:3      | Gained mutation: You have sharp toenails. [demonic
                  | ancestry]
  2600 | D:3      | Reached XP level 7. HP: 52/52 MP: 8/8
  2750 | D:3      | Found a shadowy altar of Dithmenos.
  2763 | D:3      | Reached skill level 1 in Unarmed Combat
  3223 | D:4      | Found an ancient bone altar of Kikubaaqudgha.
  3738 | D:5      | Entered Level 5 of the Dungeon
  3738 | D:5      | Found an iron altar of Okawaru.
  3999 | D:5      | Noticed Prince Ribbit
  4011 | D:5      | Killed Prince Ribbit
  4011 | D:5      | Gained mutation: A weak demonic guardian rushes to your
                  | aid. [demonic ancestry]
  4011 | D:5      | Reached XP level 8. HP: 26/60 MP: 9/9
  4121 | D:5      | Noticed Eustachio
  4350 | D:5      | Found a radiant altar of Vehumet.
  4352 | D:5      | Found a stormy altar of Qazlal.
  4352 | D:5      | Found an ornate altar of the Wu Jian Council.
  4354 | D:5      | Found an opulent altar of Gozag.
  4354 | D:5      | Found a shimmering altar of Xom.
  4354 | D:5      | Found a snail-covered altar of Cheibriados.
  4435 | D:5      | Killed Eustachio
  5038 | D:6      | Found an iron altar of Okawaru.
  5101 | D:6      | Found a runed translucent door.
  5102 | D:6      | Noticed Crazy Yiuf
  5288 | D:6      | Killed Crazy Yiuf
  5540 | D:7      | Found a shattered altar of Ashenzari.
  5563 | D:7      | Gained mutation: You have very sharp fingernails. [demonic
                  | ancestry]
  5563 | D:7      | Reached XP level 9. HP: 49/67 MP: 11/11
  5564 | D:7      | Reached skill level 2 in Stealth
  5739 | D:7      | Reached skill level 5 in Fighting
  5900 | D:7      | Noticed Dowan
  5901 | D:7      | Noticed Duvessa
  5907 | D:7      | Killed Dowan
  5925 | D:7      | Killed Duvessa
  6068 | D:7      | Noticed Maggie
  6098 | D:7      | Found a staircase to the Ecumenical Temple.
  6110 | Temple   | Entered the Ecumenical Temple
  6209 | D:7      | Noticed Maggie
  6209 | D:7      | Maggie changed into Maggie the black bear
  6215 | D:7      | Killed Maggie the black bear
  6517 | D:8      | Noticed Grum
  6527 | D:8      | Reached skill level 5 in Armour
  6540 | D:8      | HP: 3/68 [Grum/+0 spear of freezing (5)]
  6652 | D:8      | Killed Grum
  6756 | D:8      | Reached skill level 5 in Evocations
  6953 | D:8      | Found a hide-covered altar of Uskayaw.
  6955 | D:8      | Found a sparkling altar of Nemelex Xobeh.
  6957 | D:8      | Found a bloodstained altar of Trog.
  6963 | D:8      | Became a worshipper of Uskayaw the Reveler
  6968 | D:8      | Reached * piety under Uskayaw
  7007 | D:8      | Reached ** piety under Uskayaw
  7124 | D:8      | Found a hazy altar of Hepliaklqana.
  7125 | D:8      | Found a shimmering altar of Xom.
  7126 | D:8      | Noticed a spectral ugly thing
  7647 | D:9      | Reached skill level 1 in Invocations
  7650 | D:9      | Reached *** piety under Uskayaw
  7652 | D:9      | Reached XP level 10. HP: 16/74 MP: 7/13
  7658 | D:9      | Reached **** piety under Uskayaw
  7682 | D:9      | HP: 3/74 [yak (8)]
  7685 | D:9      | Reached ***** piety under Uskayaw
  8047 | D:9      | Reached skill level 3 in Stealth
  8162 | D:9      | Noticed a two-headed ogre
  8163 | D:9      | Noticed a two-headed ogre
  8187 | D:9      | Killed a two-headed ogre
  8187 | D:9      | Reached skill level 4 in Stealth
  8200 | D:9      | Killed a two-headed ogre
  8200 | D:9      | Reached skill level 5 in Unarmed Combat
  8986 | D:10     | Entered Level 10 of the Dungeon
  9039 | D:10     | Found Qoushriod's Distillery.
  9042 | D:10     | Bought a potion of curing for 42 gold pieces
  9042 | D:10     | Bought a potion of curing for 42 gold pieces
  9042 | D:10     | Bought a potion of heal wounds for 70 gold pieces
  9042 | D:10     | Bought a potion of heal wounds for 70 gold pieces
  9096 | D:10     | Reached skill level 5 in Stealth
  9428 | D:10     | Noticed an orange crystal statue
  9607 | D:10     | Found Tacoidorgh's Weapon Shoppe.
  9856 | D:11     | Noticed a two-headed ogre
  9864 | D:11     | Killed a two-headed ogre
  9864 | D:11     | Gained mutation: You have razor-sharp toenails. [demonic
                  | ancestry]
  9864 | D:11     | Reached XP level 11. HP: 79/81 MP: 15/15
  9904 | D:11     | Reached skill level 6 in Stealth
 10070 | D:11     | Found a staircase to the Lair.
 10086 | D:11     | Reached skill level 5 in Invocations
 10088 | D:11     | Reached ****** piety under Uskayaw
 10253 | D:11     | Noticed an unseen horror
 10263 | D:11     | Killed an unseen horror
 10398 | D:11     | Noticed a centaur warrior
 10440 | D:11     | Reached skill level 7 in Stealth
 10449 | D:11     | Killed a centaur warrior
 10504 | D:11     | Found a staircase to the Orcish Mines.
 10506 | D:11     | Found Byoleaba's Weapon Shoppe.
 10914 | D:11     | Noticed a death knight
 10940 | D:11     | Killed a death knight
 11411 | D:11     | Reached XP level 12. HP: 57/89 MP: 17/17
 11620 | Lair:1   | Entered Level 1 of the Lair of Beasts
 11694 | Lair:1   | Reached skill level 8 in Stealth
 12159 | Lair:1   | Noticed a five-headed hydra
 12170 | Lair:1   | Killed a five-headed hydra
 12328 | Lair:1   | Found a white marble altar of Elyvilon.
 12772 | Lair:2   | Reached skill level 9 in Stealth
 13076 | Lair:2   | Found a staircase to the Shoals.
 13220 | Lair:2   | Noticed nojaa's ghost (journeyman NaAr)
 13221 | Lair:2   | Found a transporter.
 13227 | Lair:2   | Found a transporter.
 13530 | Lair:2   | Reached skill level 10 in Stealth
 14290 | Lair:3   | HP: 2/89 [hippogriff (6)]
 14570 | Lair:3   | Found a staircase to the Snake Pit.
 14704 | Lair:3   | Found a dark tunnel.
 14709 | Lair:3   | Reached XP level 13. HP: 84/95 MP: 19/19
 16976 | Lair:5   | Found a staircase to the Slime Pits.
 17248 | Lair:6   | Entered Level 6 of the Lair of Beasts
 17520 | Lair:6   | Reached skill level 11 in Stealth
 18188 | Lair:6   | Reached skill level 10 in Invocations
 18251 | Lair:6   | Reached skill level 5 in Dodging
 19417 | Lair:6   | Noticed a dire elephant
 19509 | Lair:6   | Killed a dire elephant
 19646 | Lair:6   | Noticed a dire elephant
 19646 | Lair:6   | Noticed a dire elephant
 19695 | Lair:6   | Killed a dire elephant
 19695 | Lair:6   | Reached skill level 12 in Stealth
 19695 | Lair:6   | Gained mutation: You have a pair of antennae on your head.
                  | [demonic ancestry]
 19695 | Lair:6   | Reached XP level 14. HP: 12/103 MP: 18/21
 19698 | Lair:6   | Got a scintillating tin ring
 19700 | Lair:6   | Identified the ring of Deuhuh {rF++ Int+4 Dex+3 SInv} (You
                  | found it on level 6 of the Lair of Beasts)
 20300 | Shoals:1 | Entered Level 1 of the Shoals
 20440 | Shoals:1 | Demolished by a merfolk siren

Illustrated notes

Levels and vault maps discovered:
D:1:      roderic_octagonal_star, layout_basic, st_stairs_10
D:2:      layout_basic, lemuel_crystal_altar, uniq_terence, uniq_jessica,
          uniq_sigmund, uniq_robin
D:3:      layout_rooms, nicolae_overflow_hidden_temple, hex_large,
          chequers_serial_rivers_small_b
D:4:      layout_loops_ring, lemuel_zombie_altar_kikubaaqudgha
D:5:      layout_basic, lemuel_crystal_altar, first_ration, st_stairs_14,
          doesnt_xom_only_xom, uniq_eustachio, uniq_prince_ribbit1
D:6:      layout_gridville, okawaru_metal_pillars_1_2, uniq_crazy_yiuf_cottage
D:7:      layout_basic, nicolae_overflow_crystal_walls,
          minmay_temple_entry_offerings, uniq_maggie, uniq_duvessa
D:8:      layout_cave_pods, regret_index_temple_of_mockery,
          grunt_temple_overflow_open, uniq_grum
D:9:      layout_stronghold, the_bakery
D:10:     layout_cave_pools, serial_shops, shop, kennysheep_mini_moat,
          minmay_statue_bubble
D:11:     layout_loops_ring, minmay_lair_entry_grove, orc_david_3,
          portal_ice_cave_entry_imps
Temple:   nicolae_temple_hex_pool
Lair:1:   layout_chaotic_city, basic_altar, beast_lair_carwin_4,
          grunt_megastairs_5
Lair:2:   layout_chaotic_city, minmay_shoals_entry_lonely_mermaid,
          gammafunk_ghost_arena
Lair:3:   layout_cave_pods, minmay_snake_entry_guardpost_medium,
          nicolae_volcano_entry_batcave
Lair:4:   layout_loops_ring, hibernation_bobbens, lemuel_fruit_fields,
          lemuel_fruit_tree
Lair:5:   layout_roguey, slime_dummy, lemuel_fruit_fields
Lair:6:   due_jungle_book, layout_gridlike, infiniplex_staircase_pool,
          grunt_megastairs_2
Shoals:1: layout_shoals, nicolae_shoals_siren_and_animal_friends

Skill      XL: |  1  2  3  4  5  6  7  8  9 10 11 12 13 |
---------------+----------------------------------------+-----
Polearms       | 3 4 5 6 7 8 9 |  9.9
Dodging        | 3 4 5 |  5.2
Armour         | 1 2 3 5 6 7 8 |  8.6
Stealth        | 1 2 5 7 10 12 | 12.3
Fighting       | 3 4 5 6 7 |  7.3
Evocations     | 1 2 3 5 6 7 8 |  8.9
Unarmed Combat | 2 3 4 5 6 7 |  7.8
Invocations    | 1 4 7 9 10 | 10.5
Throwing       | |  1.7

Action                   |  1- 3 |  4- 6 |  7- 9 | 10-12 | 13-15 || total
-------------------------+-------+-------+-------+-------+-------++-------
Melee: Trident           |    58 |   139 |    67 |       |       ||   264
       Spear             |       |       |   355 |   882 |   647 ||  1884
       Kick              |       |       |    93 |   243 |   230 ||   566
       Punch             |       |       |     4 |    27 |    23 ||    54
Throw: Throwing net      |       |       |       |     2 |       ||     2
Invok: Stomp             |       |       |     1 |     9 |    16 ||    26
       Line Pass         |       |       |       |     7 |     6 ||    13
       Grand Finale      |       |       |       |     2 |       ||     2
 Abil: Evoke Invisibilit |       |       |     1 |     4 |     6 ||    11
Evoke: Wand              |       |       |     1 |     2 |    11 ||    14
  Use: Potion            |       |     1 |     5 |     6 |     4 ||    16
       Scroll            |       |       |     3 |    17 |     2 ||    22
 Stab: Sleeping          |     2 |       |     3 |    23 |    17 ||    45
       Distracted        |       |       |     1 |     7 |     1 ||     9
       Paralysed         |       |       |     1 |    56 |    28 ||    85
       Invisible         |       |       |     1 |    29 |    35 ||    65
       Held in net/web   |       |       |       |     1 |       ||     1
       Confused          |       |       |       |     1 |     4 ||     5
  Eat: Chunk             |       |     6 |    16 |    26 |    18 ||    66
       Ration            |       |       |       |     1 |     2 ||     3
Armor: Leather armour    |     8 |       |       |       |       ||     8
       Scale mail        |     2 |    18 |    72 |   123 |   142 ||   357
Dodge: Dodged            |    27 |    46 |   156 |   247 |   195 ||   671
